 Dungeon Crawl Stone Soup version 0.25-a0-661-g55ea3d2053 (webtiles) character file.

Game seed: 13854880740807898101, levelgen mode: deterministic

476 kae the Insei (level 7, -13/48 HPs)
             Began as a Merfolk Transmuter on Mar 23, 2020.
             Killed from afar by Dowan (14 damage)
             ... with a stone arrow
             ... on level 4 of the Dungeon.
             The game lasted 00:04:14 (5594 turns).

kae the Insei (Merfolk Transmuter)                  Turns: 5594, Time: 00:04:14

Health: -13/48     AC:  3    Str: 10    XL:     7   Next: 10%
Magic:  19/21      EV: 13    Int: 15    God:
Gold:   201        SH:  0    Dex: 14    Spells: 7/13 levels left

rFire    . . .     SeeInvis .     - Unarmed
rCold    . . .     Gourm    .   (no shield)
rNeg     . . .     Faith    .   b - +1 robe
rPois    .         Spirit   .   (no helmet)
rElec    .         Reflect  .   c - scarf {repulsion}
rCorr    .         Harm     .   (no gloves)
MR       .....                  (no boots)
Stlth    +.........             (no amulet)
HPRegen  0.16/turn              m - ring of magical power
MPRegen  0.17/turn              (no ring)

@: mighty, repel missiles
A: change form in water, swift swim, stealthy swim
a: no special abilities


You were on level 4 of the Dungeon.
You were not hungry.

You visited 1 branch of the dungeon, and saw 4 of its levels.

You collected 201 gold pieces.

Inventory:

Missiles
 a - 25 arrows
Armour
 b - a +1 robe (worn)
 c - a scarf of repulsion (worn)
Jewellery
 m - a ring of magical power (left hand)
Scrolls
 e - 3 scrolls of enchant armour
 g - 3 scrolls of identify
 i - 2 scrolls of teleportation
Potions
 h - a potion of might
Comestibles
 d - 3 rations


   Skills:
 - Level 1.1 Fighting
 - Level 2.6 Dodging
 * Level 6.5 Unarmed Combat
 + Level 3.7 Spellcasting
 + Level 5.3 Transmutations


You had 7 spell levels left.
You knew the following spells:

 Your Spells              Type           Power        Failure   Level  Hunger
a - Beastly Appendage     Tmut           ###...       1%          1    None
b - Sticks to Snakes      Tmut           ###.....     3%          2    ##.....
c - Spider Form           Tmut/Pois      ##........   19%         3    ###....

Your spell library contained the following spells:

 Spells                   Type           Power        Failure   Level  Hunger
 Blade Hands              Tmut           ###.......   50%         5    ######.
 Ice Form                 Ice/Tmut       ##......     52%         4    ####...


Dungeon Overview and Level Annotations

Branches:
Dungeon (4/15)
 Temple: D:4-7

Altars:
Elyvilon
Trog

Annotations:
D:4 Dowan


Message History

Dowan screams, "No!
No!"
Dowan seems to find hidden reserves of power!
You have reached level 7!
Unknown command.
You feel very mighty all of a sudden. Dowan hits you with a +0 dagger.
* * * LOW HITPOINT WARNING * * *
Dowan hits you with a +0 dagger.
* * * LOW HITPOINT WARNING * * *
You closely miss Dowan. Dowan misses you.
You miss Dowan.
Your transformation has ended.
Your scarf of repulsion unmelds from your body.
Your +1 robe unmelds from your body.
You are surrounded by a repulsion field.
Dowan hits you with a +0 dagger.
* * * LOW HITPOINT WARNING * * *
Dowan points at you and mumbles some strange words.
The stone arrow hits you!
You die...

..................
#######.###....... ##
##+###....... #.
#............ #§##
#..(......... ##...
............... #...#
####+#....##...
#...########.####.#
...
#....e@.........#.#
..
#...#######.###.#.###
# #...#
#.............#
#...###.###.###.#.#.#
#...........# #.#.#.#
#......#.#..###.#.# #
#............#..#.#
#.....÷#######.##.# #
#......# #. #.# #


You could see Dowan.

Vanquished Creatures
  Duvessa (D:4)
  A scorpion (D:4)
  A hound (D:4)
  An orc priest (D:2)
  An orc wizard (D:2)
  Natasha (thrice) (D:3)
  5 adders
  An adder skeleton (D:4)
  3 worms
  2 dart slugs
  5 leopard geckos
  7 orcs
  A ball python (D:1)
  6 giant cockroaches
  10 hobgoblins
  3 jackals (D:1)
  12 kobolds
  10 bats
  3 frilled lizards
  7 goblins
  11 rats
94 creatures vanquished.

Vanquished Creatures (collateral kills)
  An adder (D:2)
  A jackal (D:1)
2 creatures vanquished.

Grand Total: 96 creatures vanquished

Notes
Turn   | Place    | Note
-------+----------+-------------------------------------------
     0 | D:1      | kae the Merfolk Transmuter began the quest for the Orb.
     0 | D:1      | Reached XP level 1. HP: 15/15 MP: 3/3
   243 | D:1      | Reached XP level 2. HP: 21/21 MP: 3/5
   284 | D:1      | Learned a level 2 spell: Sticks to Snakes
   909 | D:1      | Reached skill level 4 in Unarmed Combat
   909 | D:1      | Reached XP level 3. HP: 26/26 MP: 4/6
  1889 | D:2      | Reached XP level 4. HP: 32/32 MP: 7/7
  2472 | D:1      | Learned a level 3 spell: Spider Form
  3143 | D:2      | Reached skill level 5 in Unarmed Combat
  3143 | D:2      | Reached XP level 5. HP: 14/37 MP: 9/9
  3677 | D:3      | Found a white marble altar of Elyvilon.
  3741 | D:3      | Noticed Natasha
  3759 | D:3      | Killed Natasha
  4163 | D:3      | Noticed Natasha
  4175 | D:3      | Killed Natasha
  4175 | D:3      | Reached XP level 6. HP: 20/43 MP: 10/10
  4671 | D:3      | Noticed Natasha
  4682 | D:3      | Killed Natasha
  4992 | D:4      | Reached skill level 6 in Unarmed Combat
  5337 | D:4      | Found a bloodstained altar of Trog.
  5423 | D:4      | Reached skill level 5 in Transmutations
  5572 | D:4      | Noticed Dowan
  5573 | D:4      | Noticed Duvessa
  5591 | D:4      | Killed Duvessa
  5591 | D:4      | Reached XP level 7. HP: 11/48 MP: 12/12
  5594 | D:4      | HP: 1/48 [Dowan/+0 dagger (6)]
  5594 | D:4      | Killed from afar by Dowan

Levels and vault maps discovered:
D:1:      tarquinn_simple_flora_water_c, layout_loops_ring
D:2:      layout_basic, kennysheep_generic_room_12
D:3:      layout_basic, elyvilon_altar_1, serial_glass, glass_columns_b,
          glass_columns_b, hangedman_decor_opposing, uniq_natasha
D:4:      layout_basic, lemuel_crystal_altar, uniq_duvessa

Skill      XL: |  1  2  3  4  5  6 |
---------------+-------------------+-----
Transmutations | 3 4 5 |  5.3
Unarmed Combat | 4 5 6 |  6.5
Spellcasting   | 3 |  3.7
Fighting       | |  1.1
Dodging        | |  2.6

Action                   |  1- 3 |  4- 6 |  7- 9 || total
-------------------------+-------+-------+-------++-------
Melee: Unarmed           |   127 |   178 |     2 ||   307
       Headbutt          |    12 |     3 |       ||    15
       Punch             |     2 |     2 |       ||     4
 Cast: Beastly Appendage |    17 |     9 |       ||    26
       Sticks to Snakes  |     4 |     2 |       ||     6
       Spider Form       |       |    20 |       ||    20
  Use: Potion            |     4 |     2 |     1 ||     7
       Scroll            |     6 |     1 |       ||     7
 Stab: Sleeping          |     1 |     3 |       ||     4
  Eat: Chunk             |     3 |    16 |       ||    19
Armor: Robe              |    21 |    23 |       ||    44
       Skin              |    17 |     3 |       ||    20
Dodge: Dodged            |   113 |   142 |     1 ||   256
       Deflected         |       |     3 |       ||     3

Table legend:
 A = Non-vault XP
 B = Vault XP
 C = Vault XP percentage of total XP
 D = Non-vault monster count
 E = Vault monster count
 F = Vault count percentage of total count
                 A         B        C        D         E       F
            +---------+---------+-------+---------+---------+-------
      Total |     500 |     180 |  26.5 |      94 |       2 |   2.1
            +---------+---------+-------+---------+---------+-------
        D:1 |      48 |       0 |   0.0 |      32 |       0 |   0.0
        D:2 |     166 |       0 |   0.0 |      22 |       0 |   0.0
        D:3 |     140 |      35 |  20.0 |      34 |       1 |   2.9
        D:4 |     146 |     145 |  49.8 |       6 |       1 |  14.3
            +---------+---------+-------+---------+---------+-------
